Connexion

Penguins vs IceHogs

Created - 16 mars 2024 at 08:17

Goals
1 2 3 T
Penguins 0 1 1 2
IceHogs 1 3 0 4
Shots
1 2 3 T
Penguins 10 9 12 31
IceHogs 9 9 7 25

GoalsPenalties
1st period
1. IceHogs , Jean-Sébastien Dea 36 (Danny O'Regan 43) at 19:20 (PP)
Dennis Cholowski (RCK) for Tripping (Minor) at 7:36
Rhett Gardner (WBS) for Hooking (Minor) at 13:53
Joseph Blandisi (WBS) for Slashing (Minor) at 18:20
2nd period
2. IceHogs , Cameron Gaunce 8 (Jean-Sébastien Dea 68, Danny O'Regan 44) at 0:22
3. IceHogs , Riley Sheahan 35 (Colton Sceviour 26, Brandon Hickey 38) at 1:04
4. Penguins , Marian Studenic 19 (Mikhail Maltsev 22, Dylan McIlrath 12) at 5:44
5. IceHogs , Cameron Gaunce 9 (Riley Sheahan 46, Colton Sceviour 27) at 19:15 (PP)
Dylan McIlrath (WBS) for Tripping (Minor) at 13:58
Joseph Blandisi (WBS) for Roughing (Minor) at 19:01
3rd period
6. Penguins , Rhett Gardner 24 (Andreas Englund 45) at 8:10
Rhett Gardner (WBS) for Tripping (Minor) at 15:32
Goalie Stats
Marek Langhamer (WBS), 14 saves from 18 shots - (0,778), L, 31-35-7, 39:15 minutes
Arvid Holm (WBS), 7 saves from 7 shots - (1,000), 20:45 minutes
Christopher Gibson (RCK), 29 saves from 31 shots - (0,935), W, 41-24-3, 60:00 minutes
3 StarsOfficial
1 - Cameron Gaunce (RCK)
2 - Riley Sheahan (RCK)
3 - Jean-Sébastien Dea (RCK)
Referees : Chris Ciamaga and Eric Furlatt
Linesman : Lyle Seitz and Mark Shewchyk
Game Note
Liam O'Brien is injured at 11:24 of 2nd period (Sprained Left Knee)
Arvid Holm enters game at 19:15 of 2nd period
Finance
Level 1 -- Attendance: 1996 (99,80%) -- Ticket Income $69,860
Level 2 -- Attendance: 1000 (100,00%) -- Ticket Income $15,000
Total Attendance: 2996 (99,87%)
Total Ticket Income: $84,860
Other Income: $16,972
Total Income: $101,832



Team Name Goals Shots Shots Attemp Shots Blocked PIM HIT PP PK FO%
Penguins 23156510270 / 1 (0%)248%
IceHogs 4255352222 / 5 (40%)052%

Penguins
Player Name POS G A P +/- PIM HIT SHT SB MP PP MP PP SHT PK MP PK SHT FO% FOT
Adam ClendeningD000-1000021:261:1403:2400% 0
Alan QuineC/LW/RW0000002014:380:4502:35050% 8
Andreas EnglundD0110001021:380:0003:2900% 0
Andrew NielsenD0001000117:120:4500:3400% 0
Brian HartLW/RW000000107:180:3101:4910% 0
Dylan GambrellC/RW000001114:580:0000:00050% 4
Dylan McIlrathD0111221016:370:4500:0000% 0
Gerald MayhewC/RW0000004016:560:0000:00050% 2
Jason DickinsonC/LW000-1053021:271:1403:11041% 32
Joseph BlandisiC/LW000-1434017:530:4301:080100% 2
Karson KuhlmanC/RW0000021018:170:0001:21036% 22
Keaton MiddletonD0000032121:400:0003:3100% 0
Kevin BahlD000-1041221:261:1403:2400% 0
Liam O'BrienC/LW000100006:150:0000:41083% 6
Marian StudenicRW1011011013:370:4500:000100% 1
Mikhail MaltsevLW0111021013:530:4500:1600% 0
Rhett GardnerC/LW1010435016:540:0000:000100% 1
Steven FogartyC/RW000-1013020:391:1403:210100% 1
IceHogs
Player Name POS G A P +/- PIM HIT SHT SB MP PP MP PP SHT PK MP PK SHT FO% FOT
Andrew SturtzRW0000010012:430:0000:0000% 1
Brady VailC000000000:000:0000:0000% 0
Brandon GignacC000000002:221:3600:0000% 1
Brandon HickeyD0110021020:263:0710:3200% 0
Brendan GaunceC/LW0000041013:210:0000:38050% 12
Cameron Gaunce D2020003223:182:5320:5200% 0
Cedric PaquetteC/LW0000051012:043:5011:0900% 0
Charles HudonLW/RW0000027021:323:2100:00050% 2
Colton SceviourC/LW/RW0220000021:323:2100:000100% 1
Danny O'ReganC/RW0220002023:413:1401:17025% 4
Dennis CholowskiD0000210019:383:0700:0000% 0
Erik CernakD0000031124:373:5901:0500% 0
Frederic AllardD0000000116:211:1600:3500% 0
Jack DoughertyD0000020115:390:0000:5400% 0
Jean-Sébastien DeaC/RW1120014023:102:5030:32048% 21
Mikhail VorobyovC0000000012:510:0000:00044% 9
Riley SheahanC1120013021:543:2120:22064% 28
Zack O'BrienC/RW0000002012:510:0000:0000% 0



Play-by-Play

1st period


0:01 of 1st period - Jean-Sébastien Dea wins face-off versus Jason Dickinson in neutral zone.
0:24 of 1st period - Shot by Joseph Blandisi.
0:24 of 1st period - Stopped by Christopher Gibson without a rebound.
0:25 of 1st period - Karson Kuhlman wins face-off versus Riley Sheahan in IceHogs zone.
1:23 of 1st period - Shot by Jean-Sébastien Dea.
1:23 of 1st period - Shot Blocked by Kevin Bahl.
1:33 of 1st period - Shot by Jean-Sébastien Dea.
1:33 of 1st period - Shot Misses the Net.
2:20 of 1st period - Shot by Mikhail Maltsev.
2:20 of 1st period - Deflect By Marian Studenic.
2:20 of 1st period - Shot Blocked by Cameron Gaunce .
2:58 of 1st period - Shot by Steven Fogarty.
2:58 of 1st period - Stopped by Christopher Gibson without a rebound.
2:59 of 1st period - Dylan Gambrell wins face-off versus Riley Sheahan in IceHogs zone.
3:24 of 1st period - Shot by Charles Hudon.
3:24 of 1st period - Stopped by Marek Langhamer without a rebound.
3:25 of 1st period - Jean-Sébastien Dea wins face-off versus Jason Dickinson in Penguins zone.
3:37 of 1st period - Icing by Dylan McIlrath.
3:38 of 1st period - Riley Sheahan wins face-off versus Jason Dickinson in Penguins zone.
4:10 of 1st period - Steven Fogarty is hit by Charles Hudon and loses puck.
4:40 of 1st period - Shot by Dylan Gambrell.
4:40 of 1st period - Stopped by Christopher Gibson without a rebound.
4:41 of 1st period - Jean-Sébastien Dea wins face-off versus Liam O'Brien in IceHogs zone.
4:56 of 1st period - Shot by Liam O'Brien.
4:56 of 1st period - Shot Misses the Net.
5:12 of 1st period - Shot by Marian Studenic.
5:12 of 1st period - Shot Misses the Net.
5:14 of 1st period - Shot by Mikhail Maltsev.
5:14 of 1st period - Shot Misses the Net.
6:03 of 1st period - Shot by Mikhail Vorobyov.
6:03 of 1st period - Shot Misses the Net.
7:05 of 1st period - Shot by Colton Sceviour.
7:05 of 1st period - Deflect By Charles Hudon.
7:05 of 1st period - Stopped by Marek Langhamer with a rebound.
7:36 of 1st period - Minor Penalty to Dennis Cholowski for Tripping.
7:37 of 1st period - Brendan Gaunce wins face-off versus Jason Dickinson in IceHogs zone.
7:37 of 1st period - Brendan Gaunce is hit by Joseph Blandisi.
7:54 of 1st period - Cedric Paquette is hit by Kevin Bahl and loses puck.
10:05 of 1st period - Dylan McIlrath is hit by Brandon Hickey and loses puck.
10:49 of 1st period - Icing by Jean-Sébastien Dea.
10:50 of 1st period - Jason Dickinson wins face-off versus Brendan Gaunce in IceHogs zone.
10:57 of 1st period - Shot by Joseph Blandisi.
10:57 of 1st period - Deflect By Jason Dickinson.
10:57 of 1st period - Shot Misses the Net.
10:59 of 1st period - Shot by Steven Fogarty.
10:59 of 1st period - Deflect By Joseph Blandisi.
10:59 of 1st period - Stopped by Christopher Gibson without a rebound.
11:00 of 1st period - Karson Kuhlman wins face-off versus Mikhail Vorobyov in IceHogs zone.
11:03 of 1st period - Shot by Rhett Gardner.
11:03 of 1st period - Shot Misses the Net.
11:15 of 1st period - Shot by Gerald Mayhew.
11:15 of 1st period - Stopped by Christopher Gibson without a rebound.
11:16 of 1st period - Jason Dickinson wins face-off versus Riley Sheahan in IceHogs zone.
11:32 of 1st period - Icing by Jason Dickinson.
11:33 of 1st period - Steven Fogarty wins face-off versus Mikhail Vorobyov in Penguins zone.
13:12 of 1st period - Shot by Marian Studenic.
13:12 of 1st period - Shot Misses the Net.
13:53 of 1st period - Minor Penalty to Rhett Gardner for Hooking.
13:54 of 1st period - Alan Quine wins face-off versus Brandon Gignac in Penguins zone.
14:11 of 1st period - Shot by Brandon Hickey.
14:11 of 1st period - Shot Misses the Net.
14:23 of 1st period - Shot by Danny O'Regan.
14:23 of 1st period - Deflect By Cedric Paquette.
14:23 of 1st period - Shot Misses the Net.
15:01 of 1st period - Shot by Cameron Gaunce .
15:01 of 1st period - Stopped by Marek Langhamer without a rebound.
15:02 of 1st period - Jason Dickinson wins face-off versus Jean-Sébastien Dea in Penguins zone.
15:02 of 1st period - Jason Dickinson is hit by Cedric Paquette.
16:07 of 1st period - Off-side.
16:08 of 1st period - Liam O'Brien wins face-off versus Mikhail Vorobyov in neutral zone.
16:26 of 1st period - Shot by Mikhail Maltsev.
16:26 of 1st period - Shot Misses the Net.
16:28 of 1st period - Shot by Mikhail Maltsev.
16:28 of 1st period - Stopped by Christopher Gibson without a rebound.
16:29 of 1st period - Riley Sheahan wins face-off versus Karson Kuhlman in IceHogs zone.
16:29 of 1st period - Brandon Hickey is hit by Rhett Gardner and loses puck.
16:43 of 1st period - Icing by Charles Hudon.
16:44 of 1st period - Riley Sheahan wins face-off versus Jason Dickinson in IceHogs zone.
16:44 of 1st period - Riley Sheahan is hit by Jason Dickinson.
16:52 of 1st period - Shot by Charles Hudon.
16:52 of 1st period - Stopped by Marek Langhamer without a rebound.
16:53 of 1st period - Jason Dickinson wins face-off versus Andrew Sturtz in Penguins zone.
16:53 of 1st period - Jason Dickinson is hit by Brendan Gaunce.
17:09 of 1st period - Shot by Steven Fogarty.
17:09 of 1st period - Shot Misses the Net.
17:20 of 1st period - Cameron Gaunce is hit by Jason Dickinson.
17:23 of 1st period - Icing by Adam Clendening.
17:24 of 1st period - Riley Sheahan wins face-off versus Jason Dickinson in Penguins zone.
17:33 of 1st period - Shot by Charles Hudon.
17:33 of 1st period - Stopped by Marek Langhamer without a rebound.
17:34 of 1st period - Karson Kuhlman wins face-off versus Jean-Sébastien Dea in Penguins zone.
17:41 of 1st period - Shot by Andreas Englund.
17:41 of 1st period - Shot Blocked by Jack Dougherty.
18:10 of 1st period - Shot by Karson Kuhlman.
18:10 of 1st period - Stopped by Christopher Gibson without a rebound.
18:11 of 1st period - Riley Sheahan wins face-off versus Dylan Gambrell in IceHogs zone.
18:13 of 1st period - Icing by Charles Hudon.
18:14 of 1st period - Riley Sheahan wins face-off versus Jason Dickinson in IceHogs zone.
18:14 of 1st period - Riley Sheahan is hit by Jason Dickinson.
18:19 of 1st period - Charles Hudon is hit by Joseph Blandisi and loses puck.
18:20 of 1st period - Minor Penalty to Joseph Blandisi for Slashing.
18:21 of 1st period - Riley Sheahan wins face-off versus Jason Dickinson in Penguins zone.
18:54 of 1st period - Icing by Riley Sheahan.
18:55 of 1st period - Riley Sheahan wins face-off versus Karson Kuhlman in IceHogs zone.
19:04 of 1st period - Shot by Riley Sheahan.
19:04 of 1st period - Stopped by Marek Langhamer without a rebound.
19:05 of 1st period - Jean-Sébastien Dea wins face-off versus Jason Dickinson in Penguins zone.
19:12 of 1st period - Shot by Jean-Sébastien Dea.
19:12 of 1st period - Deflect By Cedric Paquette.
19:12 of 1st period - Stopped by Marek Langhamer without a rebound.
19:13 of 1st period - Jean-Sébastien Dea wins face-off versus Jason Dickinson in Penguins zone.
19:18 of 1st period - Shot by Jean-Sébastien Dea.
19:18 of 1st period - Stopped by Marek Langhamer with a rebound.
19:20 of 1st period - Shot by Jean-Sébastien Dea.
19:20 of 1st period - Goal by Jean-Sébastien Dea - Penguins : 0 - IceHogs : 1.
19:21 of 1st period - Jean-Sébastien Dea wins face-off versus Karson Kuhlman in neutral zone.
19:24 of 1st period - Shot by Cameron Gaunce .
19:24 of 1st period - Shot Misses the Net.
19:34 of 1st period - Shot by Keaton Middleton.
19:34 of 1st period - Shot Misses the Net.
19:36 of 1st period - Shot by Karson Kuhlman.
19:36 of 1st period - Shot Hit the Post.
19:38 of 1st period - Shot by Keaton Middleton.
19:38 of 1st period - Shot Misses the Net.
19:40 of 1st period - Shot by Keaton Middleton.
19:40 of 1st period - Stopped by Christopher Gibson with a rebound.
19:42 of 1st period - Shot by Rhett Gardner.
19:42 of 1st period - Stopped by Christopher Gibson with a rebound.
19:44 of 1st period - Shot by Keaton Middleton.
19:44 of 1st period - Stopped by Christopher Gibson without a rebound.
19:45 of 1st period - Riley Sheahan wins face-off versus Jason Dickinson in IceHogs zone.
Goals for this period are 0 for Penguins vs 1 for IceHogs.
Shots for this period are 10 for Penguins vs 9 for IceHogs.

2nd period


0:01 of 2nd period - Jean-Sébastien Dea wins face-off versus Jason Dickinson in neutral zone.
0:18 of 2nd period - Shot by Danny O'Regan.
0:18 of 2nd period - Shot Misses the Net.
0:20 of 2nd period - Shot by Jean-Sébastien Dea.
0:20 of 2nd period - Shot Misses the Net.
0:22 of 2nd period - Shot by Cameron Gaunce .
0:22 of 2nd period - Goal by Cameron Gaunce - Penguins : 0 - IceHogs : 2.
0:23 of 2nd period - Karson Kuhlman wins face-off versus Riley Sheahan in neutral zone.
0:56 of 2nd period - Shot by Dennis Cholowski.
0:56 of 2nd period - Shot Misses the Net.
0:58 of 2nd period - Shot by Brandon Hickey.
0:58 of 2nd period - Shot Misses the Net.
1:04 of 2nd period - Shot by Riley Sheahan.
1:04 of 2nd period - Goal by Riley Sheahan - Penguins : 0 - IceHogs : 3.
1:05 of 2nd period - Jason Dickinson wins face-off versus Jean-Sébastien Dea in neutral zone.
1:05 of 2nd period - Jason Dickinson is hit by Cedric Paquette.
1:25 of 2nd period - Shot by Steven Fogarty.
1:25 of 2nd period - Shot Misses the Net.
1:33 of 2nd period - Shot by Joseph Blandisi.
1:33 of 2nd period - Stopped by Christopher Gibson without a rebound.
1:34 of 2nd period - Liam O'Brien wins face-off versus Mikhail Vorobyov in IceHogs zone.
1:35 of 2nd period - Shot by Mikhail Maltsev.
1:35 of 2nd period - Shot Misses the Net.
2:18 of 2nd period - Icing by Dylan McIlrath.
2:19 of 2nd period - Liam O'Brien wins face-off versus Brendan Gaunce in Penguins zone.
2:19 of 2nd period - Liam O'Brien is hit by Jean-Sébastien Dea.
2:22 of 2nd period - Andrew Nielsen is hit by Brendan Gaunce and loses puck.
2:44 of 2nd period - Jean-Sébastien Dea is hit by Keaton Middleton and loses puck.
2:53 of 2nd period - Brendan Gaunce is hit by Jason Dickinson and loses puck.
3:01 of 2nd period - Joseph Blandisi is hit by Erik Cernak and loses puck.
3:04 of 2nd period - Shot by Jason Dickinson.
3:04 of 2nd period - Stopped by Christopher Gibson without a rebound.
3:05 of 2nd period - Riley Sheahan wins face-off versus Karson Kuhlman in IceHogs zone.
3:09 of 2nd period - Icing by Colton Sceviour.
3:10 of 2nd period - Riley Sheahan wins face-off versus Dylan Gambrell in IceHogs zone.
3:10 of 2nd period - Riley Sheahan is hit by Kevin Bahl.
3:19 of 2nd period - Off-side.
3:20 of 2nd period - Mikhail Vorobyov wins face-off versus Karson Kuhlman in neutral zone.
4:48 of 2nd period - Erik Cernak is hit by Joseph Blandisi and loses puck.
5:14 of 2nd period - Icing by Andrew Nielsen.
5:15 of 2nd period - Jean-Sébastien Dea wins face-off versus Alan Quine in Penguins zone.
5:16 of 2nd period - Shot by Danny O'Regan.
5:16 of 2nd period - Stopped by Marek Langhamer without a rebound.
5:17 of 2nd period - Liam O'Brien wins face-off versus Jean-Sébastien Dea in Penguins zone.
5:44 of 2nd period - Shot by Marian Studenic.
5:44 of 2nd period - Goal by Marian Studenic - Penguins : 1 - IceHogs : 3.
5:45 of 2nd period - Mikhail Vorobyov wins face-off versus Karson Kuhlman in neutral zone.
6:15 of 2nd period - Off-side.
6:16 of 2nd period - Brendan Gaunce wins face-off versus Jason Dickinson in neutral zone.
6:31 of 2nd period - Icing by Jean-Sébastien Dea.
6:32 of 2nd period - Dylan Gambrell wins face-off versus Brendan Gaunce in IceHogs zone.
6:54 of 2nd period - Dylan McIlrath is hit by Erik Cernak and loses puck.
7:18 of 2nd period - Alan Quine is hit by Brandon Hickey and loses puck.
8:09 of 2nd period - Shot by Danny O'Regan.
8:09 of 2nd period - Stopped by Marek Langhamer without a rebound.
8:10 of 2nd period - Danny O'Regan wins face-off versus Jason Dickinson in Penguins zone.
8:22 of 2nd period - Jason Dickinson is hit by Jack Dougherty and loses puck.
8:36 of 2nd period - Steven Fogarty is hit by Jack Dougherty and loses puck.
8:42 of 2nd period - Icing by Jack Dougherty.
8:43 of 2nd period - Mikhail Vorobyov wins face-off versus Karson Kuhlman in IceHogs zone.
8:56 of 2nd period - Shot by Zack O'Brien.
8:56 of 2nd period - Stopped by Marek Langhamer without a rebound.
8:57 of 2nd period - Marian Studenic wins face-off versus Brendan Gaunce in Penguins zone.
8:57 of 2nd period - Marian Studenic is hit by Brendan Gaunce.
9:57 of 2nd period - Shot by Jason Dickinson.
9:57 of 2nd period - Shot Misses the Net.
10:18 of 2nd period - Steven Fogarty is hit by Dennis Cholowski and loses puck.
11:07 of 2nd period - Zack O'Brien is hit by Dylan McIlrath and loses puck.
11:22 of 2nd period - Shot by Zack O'Brien.
11:22 of 2nd period - Stopped by Marek Langhamer without a rebound.
11:23 of 2nd period - Liam O'Brien wins face-off versus Jean-Sébastien Dea in Penguins zone.
11:23 of 2nd period - Liam O'Brien is hit by Cedric Paquette.
11:24 of 2nd period - Liam O'Brien from Penguins is injured at 11:24 of 2nd period (Sprained Left Knee).
11:25 of 2nd period - Alan Quine wins face-off versus Brendan Gaunce in Penguins zone.
11:34 of 2nd period - Shot by Jean-Sébastien Dea.
11:34 of 2nd period - Shot Misses the Net.
12:37 of 2nd period - Andreas Englund is hit by Brendan Gaunce and loses puck.
12:45 of 2nd period - Icing by Andreas Englund.
12:46 of 2nd period - Jason Dickinson wins face-off versus Charles Hudon in Penguins zone.
13:58 of 2nd period - Minor Penalty to Dylan McIlrath for Tripping.
13:59 of 2nd period - Alan Quine wins face-off versus Jean-Sébastien Dea in Penguins zone.
14:12 of 2nd period - Shot by Jean-Sébastien Dea.
14:12 of 2nd period - Stopped by Marek Langhamer with a rebound.
14:14 of 2nd period - Shot by Jean-Sébastien Dea.
14:14 of 2nd period - Deflect By Danny O'Regan.
14:14 of 2nd period - Shot Misses the Net.
14:16 of 2nd period - Shot by Danny O'Regan.
14:16 of 2nd period - Shot Misses the Net.
15:31 of 2nd period - Shot by Brian Hart.
15:31 of 2nd period - Stopped by Christopher Gibson without a rebound.
15:32 of 2nd period - Riley Sheahan wins face-off versus Jason Dickinson in IceHogs zone.
15:36 of 2nd period - Off-side.
15:37 of 2nd period - Jason Dickinson wins face-off versus Riley Sheahan in neutral zone.
15:57 of 2nd period - Shot by Brandon Hickey.
15:57 of 2nd period - Stopped by Marek Langhamer without a rebound.
15:58 of 2nd period - Brendan Gaunce wins face-off versus Karson Kuhlman in Penguins zone.
15:59 of 2nd period - Shot by Jean-Sébastien Dea.
15:59 of 2nd period - Shot Misses the Net.
16:02 of 2nd period - Icing by Andrew Nielsen.
16:03 of 2nd period - Jean-Sébastien Dea wins face-off versus Karson Kuhlman in Penguins zone.
16:10 of 2nd period - Shot by Dylan McIlrath.
16:10 of 2nd period - Shot Blocked by Erik Cernak.
16:12 of 2nd period - Shot by Dylan McIlrath.
16:12 of 2nd period - Stopped by Christopher Gibson without a rebound.
16:13 of 2nd period - Alan Quine wins face-off versus Danny O'Regan in IceHogs zone.
16:18 of 2nd period - Shot by Mikhail Maltsev.
16:18 of 2nd period - Shot Blocked by Cameron Gaunce .
16:20 of 2nd period - Shot by Mikhail Maltsev.
16:20 of 2nd period - Shot Misses the Net.
16:22 of 2nd period - Shot by Marian Studenic.
16:22 of 2nd period - Shot Misses the Net.
16:31 of 2nd period - Off-side.
16:32 of 2nd period - Riley Sheahan wins face-off versus Jason Dickinson in neutral zone.
17:19 of 2nd period - Icing by Riley Sheahan.
17:20 of 2nd period - Charles Hudon wins face-off versus Karson Kuhlman in IceHogs zone.
17:33 of 2nd period - Shot by Erik Cernak.
17:33 of 2nd period - Shot Misses the Net.
17:39 of 2nd period - Shot by Karson Kuhlman.
17:39 of 2nd period - Shot Hit the Post.
17:41 of 2nd period - Shot by Gerald Mayhew.
17:41 of 2nd period - Stopped by Christopher Gibson without a rebound.
17:42 of 2nd period - Brendan Gaunce wins face-off versus Alan Quine in IceHogs zone.
17:42 of 2nd period - Brendan Gaunce is hit by Mikhail Maltsev.
17:57 of 2nd period - Dylan McIlrath is hit by Andrew Sturtz and loses puck.
18:05 of 2nd period - Shot by Dylan McIlrath.
18:05 of 2nd period - Deflect By Alan Quine.
18:05 of 2nd period - Stopped by Christopher Gibson with a rebound.
18:31 of 2nd period - Andrew Sturtz is hit by Karson Kuhlman and loses puck.
18:57 of 2nd period - Shot by Rhett Gardner.
18:57 of 2nd period - Stopped by Christopher Gibson without a rebound.
18:58 of 2nd period - Riley Sheahan wins face-off versus Jason Dickinson in IceHogs zone.
18:58 of 2nd period - Riley Sheahan is hit by Steven Fogarty.
19:01 of 2nd period - Minor Penalty to Joseph Blandisi for Roughing.
19:02 of 2nd period - Jason Dickinson wins face-off versus Riley Sheahan in Penguins zone.
19:15 of 2nd period - Shot by Cameron Gaunce .
19:15 of 2nd period - Goal by Cameron Gaunce - Penguins : 1 - IceHogs : 4.
19:15 of 2nd period - Arvid Holm enters game.
19:16 of 2nd period - Karson Kuhlman wins face-off versus Mikhail Vorobyov in neutral zone.
19:41 of 2nd period - Shot by Gerald Mayhew.
19:41 of 2nd period - Stopped by Christopher Gibson with a rebound.
Goals for this period are 1 for Penguins vs 3 for IceHogs.
Shots for this period are 9 for Penguins vs 9 for IceHogs.

3rd period


0:01 of 3rd period - Jason Dickinson wins face-off versus Danny O'Regan in neutral zone.
0:01 of 3rd period - Jason Dickinson is hit by Cedric Paquette.
0:18 of 3rd period - Shot by Danny O'Regan.
0:18 of 3rd period - Shot Misses the Net.
0:20 of 3rd period - Shot by Jean-Sébastien Dea.
0:20 of 3rd period - Stopped by Arvid Holm without a rebound.
0:21 of 3rd period - Karson Kuhlman wins face-off versus Riley Sheahan in Penguins zone.
0:21 of 3rd period - Adam Clendening is hit by Riley Sheahan.
0:41 of 3rd period - Shot by Rhett Gardner.
0:41 of 3rd period - Stopped by Christopher Gibson without a rebound.
0:42 of 3rd period - Jason Dickinson wins face-off versus Jean-Sébastien Dea in IceHogs zone.
0:42 of 3rd period - Jason Dickinson is hit by Erik Cernak.
1:21 of 3rd period - Shot by Joseph Blandisi.
1:21 of 3rd period - Stopped by Christopher Gibson without a rebound.
1:22 of 3rd period - Colton Sceviour wins face-off versus Karson Kuhlman in IceHogs zone.
1:22 of 3rd period - Colton Sceviour is hit by Rhett Gardner.
1:37 of 3rd period - Shot by Charles Hudon.
1:37 of 3rd period - Shot Misses the Net.
1:39 of 3rd period - Shot by Colton Sceviour.
1:39 of 3rd period - Shot Blocked by Kevin Bahl.
1:41 of 3rd period - Shot by Brandon Hickey.
1:41 of 3rd period - Shot Misses the Net.
2:20 of 3rd period - Shot by Mikhail Vorobyov.
2:20 of 3rd period - Shot Misses the Net.
2:40 of 3rd period - Shot by Alan Quine.
2:40 of 3rd period - Shot Misses the Net.
2:42 of 3rd period - Shot by Mikhail Maltsev.
2:42 of 3rd period - Shot Blocked by Frederic Allard.
3:08 of 3rd period - Andrew Sturtz is hit by Marian Studenic and loses puck.
3:51 of 3rd period - Shot by Steven Fogarty.
3:51 of 3rd period - Stopped by Christopher Gibson with a rebound.
4:17 of 3rd period - Shot by Riley Sheahan.
4:17 of 3rd period - Shot Blocked by Dylan Gambrell.
5:29 of 3rd period - Shot by Gerald Mayhew.
5:29 of 3rd period - Shot Misses the Net.
5:31 of 3rd period - Shot by Gerald Mayhew.
5:31 of 3rd period - Stopped by Christopher Gibson without a rebound.
5:32 of 3rd period - Gerald Mayhew wins face-off versus Brendan Gaunce in IceHogs zone.
5:35 of 3rd period - Shot by Rhett Gardner.
5:35 of 3rd period - Stopped by Christopher Gibson without a rebound.
5:36 of 3rd period - Brendan Gaunce wins face-off versus Karson Kuhlman in IceHogs zone.
5:36 of 3rd period - Brendan Gaunce is hit by Rhett Gardner.
6:04 of 3rd period - Shot by Brendan Gaunce.
6:04 of 3rd period - Shot Blocked by Andrew Nielsen.
6:06 of 3rd period - Shot by Erik Cernak.
6:06 of 3rd period - Stopped by Arvid Holm with a rebound.
6:08 of 3rd period - Shot by Brendan Gaunce.
6:08 of 3rd period - Stopped by Arvid Holm with a rebound.
6:10 of 3rd period - Shot by Cameron Gaunce .
6:10 of 3rd period - Shot Misses the Net.
6:19 of 3rd period - Icing by Andrew Nielsen.
6:20 of 3rd period - Rhett Gardner wins face-off versus Riley Sheahan in Penguins zone.
6:20 of 3rd period - Rhett Gardner is hit by Charles Hudon.
6:46 of 3rd period - Shot by Andreas Englund.
6:46 of 3rd period - Stopped by Christopher Gibson with a rebound.
6:48 of 3rd period - Shot by Alan Quine.
6:48 of 3rd period - Stopped by Christopher Gibson without a rebound.
6:49 of 3rd period - Mikhail Vorobyov wins face-off versus Jason Dickinson in IceHogs zone.
6:49 of 3rd period - Mikhail Vorobyov is hit by Jason Dickinson.
7:02 of 3rd period - Icing by Kevin Bahl.
7:03 of 3rd period - Jason Dickinson wins face-off versus Jean-Sébastien Dea in Penguins zone.
7:03 of 3rd period - Jason Dickinson is hit by Cedric Paquette.
7:13 of 3rd period - Shot by Kevin Bahl.
7:13 of 3rd period - Stopped by Christopher Gibson without a rebound.
7:14 of 3rd period - Riley Sheahan wins face-off versus Alan Quine in IceHogs zone.
7:14 of 3rd period - Riley Sheahan is hit by Mikhail Maltsev.
7:38 of 3rd period - Shot by Charles Hudon.
7:38 of 3rd period - Stopped by Arvid Holm without a rebound.
7:39 of 3rd period - Jean-Sébastien Dea wins face-off versus Jason Dickinson in Penguins zone.
7:39 of 3rd period - Danny O'Regan is hit by Kevin Bahl and loses puck.
7:54 of 3rd period - Shot by Jason Dickinson.
7:54 of 3rd period - Stopped by Christopher Gibson without a rebound.
7:55 of 3rd period - Riley Sheahan wins face-off versus Karson Kuhlman in IceHogs zone.
8:10 of 3rd period - Shot by Rhett Gardner.
8:10 of 3rd period - Goal by Rhett Gardner - Penguins : 2 - IceHogs : 4.
8:11 of 3rd period - Joseph Blandisi wins face-off versus Jean-Sébastien Dea in neutral zone.
8:24 of 3rd period - Shot by Jason Dickinson.
8:24 of 3rd period - Shot Misses the Net.
8:26 of 3rd period - Shot by Jason Dickinson.
8:26 of 3rd period - Stopped by Christopher Gibson without a rebound.
8:27 of 3rd period - Riley Sheahan wins face-off versus Gerald Mayhew in IceHogs zone.
10:10 of 3rd period - Icing by Kevin Bahl.
10:11 of 3rd period - Jason Dickinson wins face-off versus Danny O'Regan in Penguins zone.
10:32 of 3rd period - Shot by Steven Fogarty.
10:32 of 3rd period - Stopped by Christopher Gibson without a rebound.
10:33 of 3rd period - Brendan Gaunce wins face-off versus Alan Quine in IceHogs zone.
10:51 of 3rd period - Shot by Jean-Sébastien Dea.
10:51 of 3rd period - Shot Hit the Post.
12:15 of 3rd period - Shot by Charles Hudon.
12:15 of 3rd period - Stopped by Arvid Holm without a rebound.
12:16 of 3rd period - Riley Sheahan wins face-off versus Karson Kuhlman in Penguins zone.
12:46 of 3rd period - Riley Sheahan is hit by Keaton Middleton and loses puck.
12:50 of 3rd period - Riley Sheahan is hit by Keaton Middleton and loses puck.
12:59 of 3rd period - Shot by Charles Hudon.
12:59 of 3rd period - Shot Misses the Net.
13:20 of 3rd period - Jean-Sébastien Dea is hit by Kevin Bahl and loses puck.
14:33 of 3rd period - Frederic Allard is hit by Dylan Gambrell and loses puck.
15:03 of 3rd period - Shot by Charles Hudon.
15:03 of 3rd period - Stopped by Arvid Holm without a rebound.
15:04 of 3rd period - Karson Kuhlman wins face-off versus Riley Sheahan in Penguins zone.
15:06 of 3rd period - Icing by Adam Clendening.
15:07 of 3rd period - Karson Kuhlman wins face-off versus Riley Sheahan in Penguins zone.
15:12 of 3rd period - Charles Hudon is hit by Karson Kuhlman and loses puck.
15:32 of 3rd period - Minor Penalty to Rhett Gardner for Tripping.
15:33 of 3rd period - Jason Dickinson wins face-off versus Jean-Sébastien Dea in Penguins zone.
15:44 of 3rd period - Shot by Brandon Hickey.
15:44 of 3rd period - Shot Blocked by Keaton Middleton.
16:52 of 3rd period - Shot by Riley Sheahan.
16:52 of 3rd period - Stopped by Arvid Holm without a rebound.
16:53 of 3rd period - Joseph Blandisi wins face-off versus Jean-Sébastien Dea in Penguins zone.
17:24 of 3rd period - Shot by Jean-Sébastien Dea.
17:24 of 3rd period - Shot Misses the Net.
18:31 of 3rd period - Shot by Charles Hudon.
18:31 of 3rd period - Shot Misses the Net.
18:44 of 3rd period - Riley Sheahan is hit by Dylan McIlrath and loses puck.
Goals for this period are 1 for Penguins vs 0 for IceHogs.
Shots for this period are 12 for Penguins vs 7 for IceHogs.